Map: Lightshade LE

Players

INnoVation

  • Race: Terran Terran
  • Spawn Location: 11:00

Serral - Winner!

  • Race: Zerg Zerg
  • Spawn Location: 5:00

Event: IEM Katowice 2021

VOD

Have the link to the VOD?

Description

Time

  • Played on: Feb. 23, 2021, 11:36 a.m.
  • Length: 11:17

All games in this series

Show
View Real Time Build Order
Export as new Build Order

INnoVation Terran 

Build Orders: Reaper Expand 

Get SALT Encoding   

  12  0:00  SCV  
  13  0:12  SCV  
  14  0:17  Supply Depot  
  14  0:24  SCV  
  15  0:39  SCV  
  15  0:40  Barracks  
  16  0:44  Refinery  
  16  0:51  SCV  
  17  1:03  SCV  
  18  1:15  SCV  
  19  1:27  Reaper, Orbital Command  
  20  1:40  Command Center  
  20  1:48  Supply Depot  
  20  1:53  SCV  
  21  1:59  Marine  
  22  2:05  SCV  
  23  2:12  Factory  
  23  2:18  SCV  
  23  2:21  Barracks Reactor  
  24  2:30  SCV  
  24  2:36  Command Center  
  25  2:42  SCV  
  26  2:52  Orbital Command  
  26  2:54  SCV  
  27  2:59  Starport  
  27  3:06  SCV  
  27  3:09  Refinery  
  27  3:11  Hellion  
  30  3:15  Hellion  
  30  3:16  Barracks Tech Lab  
  30  3:19  SCV  
  33  3:21  SCV  
  34  3:31  SCV  
  34  3:33  Hellion  
  34  3:34  SCV  
  38  3:36  Hellion  
  40  3:42  Marine  
  40  3:44  SCV  
  40  3:46  SCV  
  46  3:49  Orbital Command  
  46  3:56  Hellion  
  46  4:00  SCV x2  
  50  4:03  Hellion  
  50  4:04  Barracks Tech Lab  
  49  4:11  Liberator  
  49  4:12  SCV x2  
  49  4:16  Supply Depot  
  54  4:17  Orbital Command  
  54  4:21  Hellion  
  57  4:24  SCV x2, Hellion  
  60  4:34  Stimpack  
  60  4:36  SCV  
  60  4:38  SCV  
  62  4:39  Supply Depot  
  62  4:40  Supply Depot, Marine  
  62  4:44  SCV  
  64  4:48  SCV, Barracks x2  
  64  4:50  SCV  
  66  4:56  SCV, Factory Reactor  
  67  5:00  SCV, Marine, Engineering Bay x2  
  67  5:02  SCV  
  67  5:04  Starport Reactor  
  67  5:05  Refinery  
  70  5:07  Refinery  
  70  5:11  SCV  
  70  5:12  SCV  
  71  5:14  SCV  
  71  5:18  Marine  
  71  5:20  Supply Depot  
  73  5:23  SCV  
  73  5:24  SCV  
  73  5:26  SCV  
  76  5:30  Terran Infantry Armor Level 1, Terran Infantry Weapons Level 1  
  76  5:35  SCV  
  77  5:36  SCV, Marine  
  77  5:37  Marine  
  77  5:38  SCV, Marine  
  77  5:41  Factory Reactor  
  82  5:46  Barracks  
  82  5:47  Marine x2  
  82  5:48  Medivac x2  
  88  5:50  Barracks  
  88  5:52  SCV  
  88  5:53  Supply Depot  
  88  5:54  SCV  
  88  5:55  SCV  
  91  6:00  Supply Depot  
  91  6:04  SCV  
  91  6:06  SCV  
  93  6:11  Supply Depot  
  93  6:13  Supply Depot  
  93  6:14  SCV, Marine x5, Combat Shield  
  99  6:19  Widow Mine  
  99  6:22  SCV x2, Widow Mine  
  99  6:23  Armory  
  105  6:27  SCV  
  106  6:34  SCV x2  
  106  6:35  Factory, Refinery  
  106  6:36  Supply Depot  
  106  6:37  Barracks Reactor x2, Refinery  
  106  6:39  SCV, Marine x3  
  112  6:40  Widow Mine  
  112  6:41  Marine x2  
  112  6:43  Widow Mine  
  112  6:47  Medivac x2, SCV x2  
  119  6:51  SCV, Supply Depot  
  124  6:59  Command Center  
  124  7:01  SCV x2  
  126  7:03  SCV  
  126  7:04  Marine x2  
  126  7:05  Marine x3  
  126  7:07  Supply Depot  
  132  7:10  Missile Turret  
  132  7:13  Widow Mine x2  
  136  7:16  SCV  
  136  7:17  Supply Depot  
  136  7:18  Drilling Claws  
  137  7:33  Marine x7  
  137  7:35  Terran Infantry Armor Level 2, Terran Infantry Weapons Level 2  
  142  7:39  Widow Mine x3  
  142  7:40  Medivac x2  
  147  7:48  SCV x3  
  147  7:51  Marine x5  
  135  8:00  SCV x2  
  135  8:01  Widow Mine x3  
  135  8:04  SCV  
  144  8:11  Medivac  
  144  8:12  Medivac, SCV  
  149  8:13  SCV  
  149  8:16  SCV  
  149  8:19  Marine x6  
  157  8:24  SCV  
  157  8:25  SCV  
  159  8:28  SCV  
  159  8:33  Widow Mine x3  
  153  8:37  SCV x2  
  153  8:40  Supply Depot  
  135  8:43  SCV  
  115  8:49  Barracks, Marine x2  
  115  8:50  Marauder, Barracks, Marine x2  
  115  8:52  SCV  
  115  8:53  SCV, Barracks  
  115  8:55  SCV, Planetary Fortress  
  96  9:03  Widow Mine  
  96  9:04  Widow Mine x2  
  96  9:05  SCV  
  103  9:10  SCV  
  103  9:11  SCV  
  103  9:16  Marine  
  103  9:17  SCV, Marine x6  
  107  9:23  SCV x2  
  115  9:27  Widow Mine x3  
  115  9:29  SCV  
  122  9:32  SCV  
  122  9:35  SCV x2  
  82  9:38  Medivac x2  
  125  9:39  Barracks Tech Lab x2  
  125  9:40  Barracks Tech Lab  
  125  9:42  SCV  
  125  9:44  SCV  
  121  9:47  SCV x2  
  121  9:54  SCV  
  121  9:56  SCV  
  121  9:58  Widow Mine  
  125  10:00  Widow Mine  
  125  10:01  Widow Mine  
  125  10:05  SCV x2  
  125  10:06  SCV  
  132  10:08  SCV  
  132  10:12  Marauder x3  
  135  10:15  Marine x3  
  135  10:19  Marine  
  135  10:20  Marauder, SCV x3  
  142  10:22  SCV  
  142  10:27  Marine  
  142  10:28  Marine x3  
  146  10:29  Widow Mine  
  146  10:32  Marine  
  146  10:33  Widow Mine x2, Marine x2  
  154  10:39  Marauder x2  
  154  10:40  Marine  
  148  10:45  Marine x4  
  152  10:50  Command Center  
  152  10:55  Marine  
  157  11:11  Supply Depot  
Show
View Real Time Build Order
Export as new Build Order

Serral Zerg - Winner!

Build Orders: Hatch First 

Get SALT Encoding   

  12  0:00  Drone  
  13  0:12  Overlord  
  13  0:16  Drone  
  14  0:30  Drone x2  
  16  0:48  Hatchery  
  15  0:51  Drone  
  15  0:55  Drone  
  17  0:58  Drone  
  18  1:08  Extractor  
  17  1:13  Spawning Pool  
  17  1:16  Drone  
  17  1:19  Drone  
  18  1:28  Drone  
  19  1:38  Drone  
  20  1:49  Drone  
  21  1:59  Queen x2  
  21  2:00  Zergling x2  
  21  2:01  Zergling x2  
  27  2:10  Overlord  
  27  2:12  Drone, Metabolic Boost  
  28  2:28  Hatchery  
  27  2:31  Drone  
  27  2:36  Drone x2  
  30  2:38  Drone  
  31  2:46  Queen  
  33  2:52  Overlord  
  33  2:55  Drone  
  33  2:57  Drone  
  35  2:59  Drone  
  36  3:07  Pneumatized Carapace  
  36  3:12  Drone x3  
  38  3:13  Drone  
  38  3:17  Overlord  
  39  3:20  Drone  
  39  3:22  Drone  
  41  3:29  Queen  
  43  3:35  Overlord  
  43  3:40  Queen  
  45  3:44  Drone x2  
  45  3:47  Zergling x4  
  49  3:48  Drone x2  
  49  3:49  Drone  
  49  3:53  Drone x2  
  54  3:57  Zergling x2  
  54  3:58  Drone x2  
  57  4:03  Zergling x2  
  57  4:04  Queen  
  57  4:07  Overlord  
  60  4:10  Zergling x2  
  60  4:14  Drone x4  
  65  4:22  Overlord  
  65  4:25  Queen  
  65  4:27  Zergling x2, Drone x2  
  65  4:28  Drone  
  71  4:34  Lair  
  71  4:35  Zergling x2  
  71  4:36  Drone  
  73  4:41  Overlord  
  73  4:43  Overlord, Drone x2  
  75  4:46  Zergling x4  
  75  4:47  Drone x2  
  75  4:50  Spore Crawler x2  
  75  4:51  Extractor x2  
  75  4:54  Zergling x2, Extractor, Spore Crawler  
  75  4:59  Baneling Nest, Drone  
  75  5:00  Drone  
  75  5:04  Drone  
  75  5:06  Drone  
  79  5:07  Drone  
  79  5:10  Drone x3  
  83  5:17  Drone  
  83  5:18  Drone x2  
  83  5:20  Overlord  
  84  5:21  Evolution Chamber  
  84  5:22  Evolution Chamber  
  84  5:26  Drone  
  84  5:27  Drone  
  83  5:29  Drone  
  83  5:32  Hatchery, Drone  
  83  5:33  Drone x2  
  83  5:35  Drone x2  
  88  5:42  Centrifical Hooks  
  88  5:45  Drone x5  
  88  5:47  Drone  
  94  5:50  Zerg Melee Weapons Level 1  
  94  5:53  Extractor, Zerg Ground Armor Level 1  
  94  5:54  Drone x2  
  95  5:58  Overseer  
  95  5:59  Drone x2  
  95  6:01  Overlord  
  95  6:03  Zergling x4  
  99  6:05  Overlord  
  99  6:08  Zergling x6  
  102  6:12  Overlord  
  102  6:15  Zergling x6  
  105  6:23  Hydralisk Den  
  105  6:24  Drone x3  
  107  6:29  Zergling x2  
  107  6:30  Zergling x6  
  111  6:33  Baneling x3  
  111  6:34  Baneling  
  111  6:37  Overlord  
  111  6:39  Zergling x12  
  117  6:40  Baneling x4  
  117  6:41  Baneling  
  117  6:42  Baneling x4  
  117  6:47  Drone  
  117  6:48  Drone x3, Queen  
  117  6:51  Drone, Spore Crawler  
  117  6:52  Overseer  
  117  6:53  Drone  
  124  6:56  Overlord  
  124  6:57  Drone  
  125  7:01  Baneling x6  
  125  7:03  Baneling  
  125  7:04  Zergling x6, Baneling x2  
  125  7:05  Zergling x8  
  132  7:08  Overlord  
  132  7:10  Muscular Augments  
  132  7:13  Zergling x6  
  135  7:22  Baneling x4  
  135  7:28  Zergling x2  
  135  7:29  Zergling x20  
  141  7:39  Zergling x18  
  141  7:43  Baneling x10  
  150  7:45  Zergling x2  
  150  7:46  Zergling x2  
  150  7:50  Extractor  
  148  7:52  Baneling x4  
  148  7:54  Zerg Ground Armor Level 2  
  148  7:55  Zerg Missile Weapons Level 1  
  149  7:59  Hatchery  
  149  8:02  Extractor, Drone x3  
  150  8:06  Extractor, Drone  
  150  8:08  Drone  
  150  8:18  Overlord x7  
  150  8:19  Overlord x2  
  150  8:22  Grooved Spines  
  150  8:25  Overseer, Baneling x7  
  150  8:33  Zergling x4  
  150  8:34  Zergling x8  
  151  8:38  Baneling x8  
  147  8:43  Zergling x6  
  147  8:44  Zergling x22  
  145  8:53  Zergling x2  
  146  9:00  Zergling x16  
  151  9:05  Infestation Pit  
  151  9:06  Extractor, Drone x2  
  151  9:09  Drone  
  152  9:11  Queen  
  152  9:12  Drone x2  
  152  9:16  Hatchery  
  155  9:17  Hydralisk  
  155  9:18  Hydralisk x7  
  171  9:28  Hydralisk  
  171  9:29  Hydralisk x5  
  183  9:39  Hatchery  
  183  9:45  Drone x5  
  175  9:46  Drone x4  
  175  9:50  Hive  
  180  9:53  Drone, Spore Crawler  
  180  9:54  Hydralisk x5, Drone  
  191  10:04  Lurker Den  
  191  10:05  Drone  
  191  10:06  Drone x7  
  198  10:09  Baneling  
  198  10:10  Baneling x6  
  196  10:20  Hydralisk x2  
  198  10:30  Baneling x4  
  198  10:31  Baneling  
  198  10:33  Baneling  
  198  10:34  Baneling  
  198  10:40  Zergling x28  
  196  10:45  Zergling x12  
  196  10:46  Zergling x4  
  199  10:52  Extractor  
  199  10:53  Extractor  
  199  10:57  Drone x2  
  199  11:02  Baneling x11  
  199  11:03  Baneling x11  

Tags
 
Add a new tag
Caveats
  • Supply blocks, unpowered buildings, or Contaminate may cause inaccurate times.
  • Supply counts are checked every 10 seconds.